AoeStats
← MooseMooch

Arabia

509734871Analyzed
1v1 RM · 4d ago on Sep 27, 2026· 41m 41s· 2 players
Game mode
Random Map
Map size
Tiny (2 player)
Population
200
Speed
Normal
Resources
Standard
Victory
Conquest
Starting age
Dark Age
Ending age
Imperial Age
RankedLock teamsTeams togetherTeam positionsShared explorationLock speedFull tech treeHidden civsTurbo modeCheats
Victory
Defeat
🇩🇪 Portuguese · Germany
1204
+15
1181
-15
danielits el inconmensurable
7:14 Loom
10:03 Feudal Age
10:06 Man-at-Arms
15:11 Fletching
15:24 Padded Archer Armor
16:31 Double-Bit Axe
21:56 Castle Age
20:55 Gold Mining
21:45 Fletching
22:55 Bow Saw
22:07 Crossbowman
27:20 Husbandry
27:36 Scale Barding Armor
28:00 Forging
28:09 Leather Archer Armor
29:11 Town Watch
30:20 Chain Barding Armor
32:04 Stone Mining
33:28 Town Patrol
38:50 Imperial Age
39:04 Arbalester
39:40 Bodkin Arrow
41:33 Ring Archer Armor
41:04 Bracer
42:40 Chemistry
MooseMooch
7:15 Loom
9:29 Feudal Age
10:18 Double-Bit Axe
11:03 Horse Collar
12:56 Fletching
18:40 Wheelbarrow
22:22 Castle Age
20:16 Gold Mining
20:46 Padded Archer Armor
23:34 Leather Archer Armor
22:41 Elite Skirmisher
23:30 Bodkin Arrow
23:49 Bow Saw
24:04 Crossbowman
26:08 Heavy Plow
28:02 Ballistics
31:28 Forging
36:54 Imperial Age
35:42 Thumb Ring
37:40 Bracer
38:42 Chemistry
38:27 Ring Archer Armor
38:20 Arbalester
39:35 Conscription
42:04 Two-Man Saw
41:42 Masonry
42:10 Siege Engineers
Connection lost

Rejoining the realm…

Still unreachable

The connection could not be restored.

Session expired

The server has moved on; the page needs a fresh start.